[Event "Titled Tuesday Blitz July 11 Early 2023"]
[White "Kielinkei"]
[Black "Palacio,Igor Da Paz"]
[BlackFideId "2121140"]
[WhiteElo "2407"]
[BlackElo "2218"]
[Result "1-0"]
[Round "3"]
[TimeControl "180+2"]
[Date "2023.07.11"]
[WhiteClock "0:00:48"]
[BlackClock "0:00:00"]
[Board "198"]

1. e4 d6 2. d4 Nf6 3. Nc3 g6 4. Be3 Bg7 5. h4 c6 6. Be2 Nbd7 7. h5 gxh5 8. Bxh5 Qa5 9. Be2 Nxe4 10. Nf3 Nxc3 11. Qd2 Nf6 12. bxc3 Ne4 13. Qc1 c5 14. O-O Nxc3 15. Bd3 Bf5 16. Qd2 Bxd3 17. Qxd3 cxd4 18. Bxd4 Bxd4 19. Nxd4 Qc5 20. Rfe1 O-O-O 21. Rxe7 Rhg8 22. Qf5+ Qxf5 23. Nxf5 Rd7 24. Rae1 Nd5 25. Rxf7 Rxf7 26. Nxd6+ Kd7 27. Nxf7 Nc3 28. Ne5+ Kc7 29. a3 Re8 30. f4 Nd5 31. g3 a6 32. c4 Nc3 33. Re3 Na4 34. Kg2 Nc5 35. Kf3 1-0


[Site "https://www.chess.com"]

[Event "Titled Tuesday Blitz July 11 Early 2023"]
[White "Glavina, Pablo"]
[Black "Larina, Maria"]
[WhiteFideId "100234"]
[BlackFideId "24113182"]
[WhiteElo "2405"]
[BlackElo "2216"]
[Result "0-1"]
[Round "3"]
[TimeControl "180+2"]
[Date "2023.07.11"]
[WhiteClock "0:00:08"]
[BlackClock "0:00:14"]
[Board "199"]

1. e4 c6 2. d4 d5 3. exd5 cxd5 4. c4 Nf6 5. Nf3 e6 6. Nc3 Bb4 7. Bg5 Qa5 8. Qb3 Bxc3+ 9. bxc3 Ne4 10. Bd2 Nxd2 11. Kxd2 dxc4 12. Bxc4 O-O 13. h4 Qc7 14. h5 h6 15. Ne5 Nc6 16. Nxc6 bxc6 17. Ke2 c5 18. Rac1 cxd4 19. cxd4 Qf4 20. f3 Qxd4 21. Rhd1 Qe5+ 22. Kf2 Qxh5 23. Qd3 Bb7 24. Bb3 Rfc8 25. Rxc8+ Rxc8 26. Qd7 Qc5+ 27. Kf1 Ba6+ 28. Rd3 Bxd3+ 29. Qxd3 Qf5 30. Qa6 Qb1+ 31. Kf2 Qb2+ 32. Kg3 Qe5+ 33. Kf2 Qc5+ 34. Kg3 Rd8 35. Bxe6 fxe6 36. Qxe6+ Kh8 37. Qf7 Qg5+ 38. Kf2 Rd2+ 39. Ke1 Qe3+ 40. Kf1 Qf2# 0-1


[Site "https://www.chess.com"]

[Event "Titled Tuesday Blitz July 11 Early 2023"]
[White "Tymrakiewicz, Rafal"]
[Black "Tagliata"]
[WhiteFideId "1108832"]
[WhiteElo "2405"]
[BlackElo "2190"]
[Result "0-1"]
[Round "3"]
[TimeControl "180+2"]
[Date "2023.07.11"]
[WhiteClock "0:00:00"]
[BlackClock "0:00:20"]
[Board "200"]

1. e4 c5 2. d4 cxd4 3. c3 dxc3 4. Nxc3 Nc6 5. Nf3 e6 6. Bc4 a6 7. O-O Nge7 8. Bg5 h6 9. Bh4 g5 10. Bg3 Ng6 11. Qd2 Be7 12. Rad1 O-O 13. e5 b5 14. Bd3 Kg7 15. Rfe1 Qc7 16. h3 Rd8 17. Bb1 Bb7 18. a3 Na5 19. Ne4 Nc4 20. Qd4 Bd5 21. Nd6 Qc6 22. Nf5+ exf5 23. Qxd5 f4 24. Bh2 Nxb2 25. Rd4 Qxd5 26. Rxd5 Nc4 27. Nd4 Kh7 28. h4 gxh4 29. Nf5 Bxa3 30. Bxf4 Nxf4 31. Nxh4+ Ng6 32. f4 Bb4 33. Red1 Bd2 34. R1xd2 Nxd2 35. Rxd2 Kg7 36. Nf5+ Kf8 37. g3 h5 38. Nd6 a5 39. Rh2 h4 40. Bxg6 fxg6 41. Rxh4 b4 42. f5 gxf5 43. Rh8+ Kg7 0-1


[Site "https://www.chess.com"]

[Event "Titled Tuesday Blitz July 11 Early 2023"]
[White "Mishra, Manoj"]
[Black "Stork, Oliver"]
[WhiteFideId "5006007"]
[BlackFideId "12955728"]
[WhiteElo "2175"]
[BlackElo "2403"]
[Result "0-1"]
[Round "3"]
[TimeControl "180+2"]
[Date "2023.07.11"]
[WhiteClock "0:00:06"]
[BlackClock "0:00:17"]
[Board "201"]

1. d4 Nf6 2. Nc3 d5 3. Bf4 g6 4. e3 Bg7 5. h4 h5 6. Nf3 O-O 7. Ne5 c5 8. dxc5 Qa5 9. Qd4 Nc6 10. Nxc6 bxc6 11. b4 Qa3 12. Be5 a5 13. Rb1 axb4 14. Qxb4 Bf5 15. Bd3 Bxd3 16. cxd3 Qa6 17. Kd2 Ng4 18. Bxg7 Kxg7 19. Rhf1 Ne5 20. Qd4 f6 21. f4 Ng4 22. f5 gxf5 23. Rxf5 e5 24. Qb4 Kg6 25. Rbf1 Rab8 26. Qa4 Rb2+ 27. Kc1 Qxd3 28. Kxb2 Rb8+ 29. Qb3 Rxb3+ 30. axb3 Qd2+ 31. Ka3 Qxc3 32. R5f3 Qxc5+ 33. Kb2 Qb4 34. Rc1 Qd2+ 35. Rc2 Qd3 36. Rxc6 d4 37. exd4 Qxd4+ 38. Rcc3 e4 39. Rg3 e3 40. Kc2 e2 41. Rcd3 Qxd3+ 42. Kxd3 e1=Q 43. Rf3 Qb1+ 44. Kc4 Ne5+ 0-1


[Site "https://www.chess.com"]

[Event "Titled Tuesday Blitz July 11 Early 2023"]
[White "Villuendas Valero, Adrian"]
[Black "Novikova, Margarita"]
[WhiteFideId "2262460"]
[BlackFideId "14109689"]
[WhiteElo "2397"]
[BlackElo "2169"]
[Result "0-1"]
[Round "3"]
[TimeControl "180+2"]
[Date "2023.07.11"]
[WhiteClock "0:00:00"]
[BlackClock "0:00:11"]
[Board "202"]

1. d4 d5 2. c4 e6 3. Nc3 Bb4 4. cxd5 exd5 5. Qb3 Bxc3+ 6. bxc3 Ne7 7. Bg5 c6 8. e3 h6 9. Bh4 O-O 10. Nf3 Qc7 11. Bd3 Nf5 12. Bg3 Nxg3 13. hxg3 Be6 14. Rb1 b6 15. a4 c5 16. dxc5 bxc5 17. Qb7 Qxb7 18. Rxb7 Nd7 19. O-O Rfb8 20. Rfb1 Nb6 21. Rxb8+ Rxb8 22. a5 Nd7 23. Rxb8+ Nxb8 24. Ne5 Kf8 25. Bb5 Ke7 26. Kf1 Kd6 27. Nd3 a6 28. Ba4 Bd7 29. Bd1 Bb5 30. Ke2 Nc6 31. Kd2 Nxa5 32. Nf4 g6 33. Bf3 Nc4+ 34. Kc2 Ne5 35. g4 g5 36. Nh5 Ke6 37. Ng3 Nxf3 38. gxf3 Be2 39. Nf5 Bxf3 40. Nxh6 Kf6 41. Kd2 a5 42. Nf5 a4 43. Nd6 Bxg4 44. Nb7 c4 45. Nc5 a3 46. Kc1 Ke5 47. Kb1 Kd6 48. Na6 Ke5 49. Nb4 Ke4 50. Ka2 Be6 51. Kxa3 Kf3 52. Nc2 Kxf2 53. Kb4 g4 54. Kc5 g3 55. e4 g2 56. exd5 g1=Q 57. dxe6 fxe6 58. Kxc4 Ke2 59. Nd4+ Ke3 60. Nc2+ Ke4 61. Nd4 e5 62. Ne2 Qa7 63. Ng3+ Kf3 64. Nf5 Qa6+ 65. Kd5 e4 66. Nd4+ Ke3 67. Nf5+ Kd3 68. c4 Qa8+ 69. Kc5 Qc8+ 70. Kb5 Qxf5+ 71. c5 Qc8 72. Kb6 Qxc5+ 73. Kxc5 e3 74. Kd5 e2 75. Ke5 e1=Q+ 76. Kd5 Qe4+ 77. Kc5 Qd4+ 78. Kc6 Kc4 79. Kc7 Qd5 80. Kb6 Qc5+ 81. Kb7 Kb5 82. Kb8 Qe7 83. Ka8 Qd7 84. Kb8 Kb6 0-1


[Site "https://www.chess.com"]

[Event "Titled Tuesday Blitz July 11 Early 2023"]
[White "cedchass2006"]
[Black "Kiseleva, Arina"]
[BlackFideId "4164989"]
[WhiteElo "2395"]
[BlackElo "2167"]
[Result "1-0"]
[Round "3"]
[TimeControl "180+2"]
[Date "2023.07.11"]
[WhiteClock "0:00:23"]
[BlackClock "0:00:46"]
[Board "203"]

1. e4 c6 2. d4 d5 3. e5 Bf5 4. Nf3 e6 5. Be2 h6 6. O-O a6 7. Nbd2 Nd7 8. Nb3 c5 9. Nxc5 Nxc5 10. dxc5 Bxc5 11. c3 Ne7 12. Nd4 Be4 13. Be3 Qc7 14. Qa4+ Qd7 15. Bb5 axb5 16. Qxa8+ Qd8 17. Qxd8+ Kxd8 18. Nxe6+ fxe6 19. Bxc5 Nc6 20. Bd4 b4 21. f3 Bf5 22. Kf2 bxc3 23. bxc3 Kc7 24. Ke3 h5 25. g3 Na5 26. Kf4 Nc4 27. g4 hxg4 28. fxg4 Be4 29. Kg3 Kc6 30. Rf7 g6 31. Re7 Rf8 32. Rxe6+ Kd7 33. Rf6 Rxf6 34. exf6 Ke6 35. h4 Nd6 36. Rf1 Nf7 37. h5 gxh5 38. gxh5 Bd3 39. Re1+ Kf5 40. Re7 Nd6 41. f7 1-0


[Site "https://www.chess.com"]

[Event "Titled Tuesday Blitz July 11 Early 2023"]
[White "Gaal, Zsoka"]
[Black "Dargan, Paul A G"]
[WhiteFideId "777765"]
[BlackFideId "416762"]
[WhiteElo "2393"]
[BlackElo "2167"]
[Result "1-0"]
[Round "3"]
[TimeControl "180+2"]
[Date "2023.07.11"]
[WhiteClock "0:02:31"]
[BlackClock "0:00:02"]
[Board "204"]

1. Nf3 d5 2. b3 Nf6 3. Bb2 c5 4. g3 Nc6 5. d4 e6 6. Bg2 Be7 7. O-O O-O 8. e3 Ne4 9. c4 Bf6 10. Nbd2 cxd4 11. exd4 Nxd2 12. Qxd2 dxc4 13. bxc4 Bd7 14. Rac1 Rc8 15. Rfd1 Na5 16. Qe2 Bc6 17. d5 exd5 18. cxd5 Ba4 19. Rxc8 Qxc8 20. Rc1 Qd8 21. Bxf6 Qxf6 22. Qd2 b6 23. Nd4 Rd8 24. Qb4 Be8 25. h4 h6 26. Rc7 Qe5 27. Rxa7 Qb8 28. Qe7 Nc4 29. Nc6 Bxc6 30. Qxf7+ 1-0


[Site "https://www.chess.com"]

[Event "Titled Tuesday Blitz July 11 Early 2023"]
[White "Hartikainen, Jarmo"]
[Black "Rian, Kapriaga"]
[WhiteFideId "503134"]
[BlackFideId "7103263"]
[WhiteElo "2156"]
[BlackElo "2392"]
[Result "0-1"]
[Round "3"]
[TimeControl "180+2"]
[Date "2023.07.11"]
[WhiteClock "0:00:00"]
[BlackClock "0:00:04"]
[Board "205"]

1. e4 c6 2. d4 d5 3. Nc3 dxe4 4. Nxe4 Bf5 5. Ng3 Bg6 6. h4 h6 7. Bc4 e6 8. N1e2 Nf6 9. Nf4 Bh7 10. O-O Bd6 11. Nxe6 fxe6 12. Bxe6 Bxg3 13. fxg3 Qe7 14. Re1 Be4 15. Rxe4 Nxe4 16. Qh5+ Kd8 17. Bh3 Rf8 18. Bf4 Rxf4 19. gxf4 Nd7 20. Re1 Kc7 21. Bxd7 Rd8 22. Qf3 Rxd7 23. Rxe4 Qxh4 24. c3 a6 25. f5 Qf6 26. Qf4+ Kb6 27. Re6 Qf8 28. Qe5 Rd5 29. Re8 Qf7 30. Qe7 Qxf5 31. Qb4+ Ka7 32. Re7 Rb5 33. Qd6 Qb1+ 34. Kh2 Rh5+ 35. Kg3 Qd3+ 36. Kg4 Rg5+ 37. Kf4 Rf5+ 38. Kg4 Rg5+ 39. Kf4 Qg3+ 40. Ke4 Qxd6 41. Kd3 Rg3+ 42. Kc2 Qxe7 43. b4 Rxg2+ 44. Kd3 h5 45. a4 h4 46. a5 h3 47. Kc4 Qe6+ 48. Kd3 Rg3+ 49. Kc2 Qa2+ 0-1


[Site "https://www.chess.com"]

[Event "Titled Tuesday Blitz July 11 Early 2023"]
[White "Ahn, Hongjin"]
[Black "Hernandez Bermudez, Ulises Eduardo"]
[WhiteFideId "13201492"]
[BlackFideId "3902510"]
[WhiteElo "2391"]
[BlackElo "2155"]
[Result "0-1"]
[Round "3"]
[TimeControl "180+2"]
[Date "2023.07.11"]
[WhiteClock "0:00:01"]
[BlackClock "0:00:34"]
[Board "206"]

1. e4 e6 2. Ke2 d5 3. Ke3 dxe4 4. Ke2 Nf6 5. Ke1 Bc5 6. Nc3 Nc6 7. Bb5 O-O 8. Bxc6 bxc6 9. Qe2 a5 10. Nxe4 Ba6 11. Nxf6+ Qxf6 12. d3 e5 13. f3 Qh4+ 14. g3 Qb4+ 15. Kf1 f5 16. Kg2 e4 17. c3 Qb5 18. c4 Qb6 19. Nh3 exd3 20. Qe6+ Kh8 21. Ng5 Rae8 22. Nf7+ Rxf7 23. Qxe8+ Rf8 24. Qe6 Bd4 25. Bf4 Qxb2+ 26. Kh3 Bc8 27. Qe7 Kg8 28. Rae1 Bf6 29. Qxc7 g5 30. Bd6 g4+ 31. fxg4 fxg4# 0-1


[Site "https://www.chess.com"]

[Event "Titled Tuesday Blitz July 11 Early 2023"]
[White "HeinichessPY"]
[Black "GAO"]
[WhiteElo "2141"]
[BlackElo "2386"]
[Result "1-0"]
[Round "3"]
[TimeControl "180+2"]
[Date "2023.07.11"]
[WhiteClock "0:00:09"]
[BlackClock "0:00:07"]
[Board "207"]

1. Nf3 Nf6 2. c4 e6 3. g3 d5 4. Bg2 Be7 5. O-O O-O 6. Nc3 c5 7. cxd5 exd5 8. d4 Nc6 9. Bg5 Re8 10. e3 Bg4 11. h3 Bh5 12. g4 Bg6 13. Ne5 cxd4 14. Nxg6 hxg6 15. exd4 Ne4 16. Be3 Bf6 17. a3 Rc8 18. Rc1 a6 19. Qd3 Nxc3 20. Rxc3 Qb6 21. Rfc1 Rcd8 22. b4 Bxd4 23. Rxc6 Rxe3 24. Qxe3 Bxe3 25. Rxb6 Bxb6 26. Rd1 d4 27. Bxb7 a5 28. bxa5 Bxa5 29. Rd3 Rb8 30. Bd5 Bc3 31. a4 Rb1+ 32. Kg2 Ra1 33. Bc6 Kf8 34. Kf3 Ke7 35. Ke4 Kd6 36. Bb5 Kc5 37. Rf3 Re1+ 38. Kd3 f6 39. h4 Rd1+ 40. Kc2 Rh1 41. h5 gxh5 42. Rf5+ Kb4 43. Rxh5 Re1 44. Rh7 g5 45. Rf7 Rg1 46. Kd3 Rd1+ 47. Kc2 Rg1 48. Kd3 Rxg4 49. Rxf6 Rg1 50. Rg6 Rd1+ 51. Kc2 Rd2+ 52. Kb1 Rb2+ 53. Kc1 Rxf2 54. Rxg5 Kb3 55. Rg1 Rc2+ 56. Kd1 Rd2+ 57. Kc1 d3 58. Rg4 Rc2+ 59. Kb1 d2 60. Bc4+ Kxa4 61. Bd3+ Bb4 62. Bxc2+ Ka3 63. Rg3+ Bc3 64. Rxc3+ Kb4 65. Rb3+ Kc4 66. Rd3 Kb4 67. Rxd2 Kc3 68. Rd3+ Kc4 69. Kb2 Kb4 70. Rc3 1-0


[Site "https://www.chess.com"]

[Event "Titled Tuesday Blitz July 11 Early 2023"]
[White "Ho, In Hei Henry"]
[Black "Romero Ruscalleda, Josep"]
[WhiteFideId "6002552"]
[BlackFideId "2231859"]
[WhiteElo "2140"]
[BlackElo "2385"]
[Result "0-1"]
[Round "3"]
[TimeControl "180+2"]
[Date "2023.07.11"]
[WhiteClock "0:00:04"]
[BlackClock "0:01:36"]
[Board "208"]

1. e4 g6 2. Nf3 Bg7 3. d4 d6 4. c4 Nc6 5. Be3 Bg4 6. Nc3 e5 7. d5 Nd4 8. Be2 Nxe2 9. Qxe2 f5 10. h3 Bxf3 11. Qxf3 Ne7 12. Rc1 b6 13. Bg5 O-O 14. O-O Bf6 15. Qg3 f4 16. Qh4 Bxg5 17. Qxg5 Kg7 18. h4 f3 19. h5 h6 20. Qg3 fxg2 21. Kxg2 g5 22. Nd1 Rf4 23. f3 Ng8 24. Ne3 Nf6 25. Nf5+ Rxf5 26. exf5 Nxh5 27. Qg4 Nf4+ 28. Kh2 Qf6 29. c5 bxc5 30. b4 Nd3 31. Rb1 cxb4 32. Rfd1 Nf2 33. Qg2 Nxd1 34. Rxd1 Qxf5 35. Kg1 Rf8 36. Rf1 Qd3 37. Qg4 Qxd5 38. Qd7+ Rf7 39. Qa4 c5 40. Qa6 Qd4+ 41. Kg2 Qd2+ 42. Rf2 Qf4 43. Qxd6 g4 44. Qd3 gxf3+ 45. Rxf3 Qxf3+ 46. Qxf3 Rxf3 47. Kxf3 Kf6 0-1


[Site "https://www.chess.com"]

[Event "Titled Tuesday Blitz July 11 Early 2023"]
[White "Ramu, K."]
[Black "Prydun, Andriy"]
[WhiteFideId "5006171"]
[BlackFideId "14145898"]
[WhiteElo "2136"]
[BlackElo "2382"]
[Result "1-0"]
[Round "3"]
[TimeControl "180+2"]
[Date "2023.07.11"]
[WhiteClock "0:00:05"]
[BlackClock "0:00:00"]
[Board "209"]

1. e4 c5 2. Nf3 d6 3. d4 cxd4 4. Nxd4 Nf6 5. Nc3 g6 6. Be3 Bg7 7. f3 O-O 8. Qd2 Nc6 9. O-O-O d5 10. exd5 Nxd5 11. Nxc6 bxc6 12. Bd4 e5 13. Bc5 Be6 14. Ne4 Re8 15. Bc4 Qc7 16. h4 h6 17. g4 Rad8 18. Qf2 Qb7 19. Nd6 Rd7 20. Nxb7 Rxb7 21. Bb3 a5 22. a4 Reb8 23. Rhe1 e4 24. fxe4 Nc7 25. Ba3 Bxb3 26. cxb3 Ne6 27. Re3 Nd4 28. Rdd3 Be5 29. Kb1 Ne6 30. Ka2 c5 31. Rd5 Bd4 32. Qe2 c4 33. Rxd4 cxb3+ 34. Kb1 Nxd4 35. Qd1 Ne6 36. Rd3 Kg7 37. e5 Rb6 38. Be7 g5 39. Bf6+ Kg6 40. h5+ Kh7 41. Rd8 Nxd8 42. Bxd8 R6b7 43. Qd3+ Kg8 44. Bf6 Rc8 45. e6 Rbc7 46. Bc3 fxe6 47. Qg6+ Kf8 48. Qxh6+ Ke7 49. Qf6+ Kd7 50. Qd4+ Ke7 51. Qg7+ Ke8 52. Qxg5 Rd7 53. Qc1 Rcc7 54. h6 Kd8 55. g5 Kc8 56. g6 e5 57. g7 Rd8 58. Qg1 e4 59. Qc1 Kb7 60. Qg1 e3 61. g8=Q Rxg8 62. Qg2+ 1-0


[Site "https://www.chess.com"]

[Event "Titled Tuesday Blitz July 11 Early 2023"]
[White "Mayaud, Raphael"]
[Black "Cardenas Carbajal, Nilson"]
[WhiteFideId "627151"]
[BlackFideId "8401128"]
[WhiteElo "2380"]
[BlackElo "2135"]
[Result "1-0"]
[Round "3"]
[TimeControl "180+2"]
[Date "2023.07.11"]
[WhiteClock "0:00:13"]
[BlackClock "0:00:12"]
[Board "210"]

1. d4 Nf6 2. Bg5 Ne4 3. Bf4 d5 4. e3 c5 5. Bd3 Nc6 6. Bxe4 dxe4 7. d5 Nb4 8. Nc3 e6 9. d6 Qa5 10. Nge2 Bd7 11. O-O Bc6 12. a3 Nd5 13. Bg3 f5 14. Nf4 Bxd6 15. Nxe6 Bxg3 16. hxg3 Nxc3 17. bxc3 Kf7 18. Ng5+ Ke7 19. Qh5 g6 20. Qh4 Kf8 21. Qh6+ Kg8 22. Ne6 Kf7 23. Ng5+ Kg8 24. Ne6 Kf7 25. Nf4 Qxc3 26. Rfd1 Rad8 27. g4 Rxd1+ 28. Rxd1 Qxc2 29. Rd6 Qc3 30. gxf5 Qe5 31. fxg6+ hxg6 32. Qxg6+ Ke7 33. Re6+ Qxe6 34. Qxe6+ Kd8 35. Qf6+ Kc7 36. Qxh8 Kb6 37. Qh4 a5 38. Qf6 Ka6 39. Qc3 Kb6 40. Qb3+ Ka7 41. Ne6 b6 42. Qc3 Kb7 43. Nxc5+ bxc5 44. Qxc5 Kc7 45. Qd4 Kb7 46. g4 Kc7 47. g5 Kb7 48. g6 Bd7 49. g7 Bf5 50. g8=Q Bd7 51. Qgc4 Bc6 52. Qcc5 Kc7 53. Qb6+ 1-0


[Site "https://www.chess.com"]

[Event "Titled Tuesday Blitz July 11 Early 2023"]
[White "Calhoun, Luke"]
[Black "Barbot, Pierre"]
[WhiteFideId "2064421"]
[BlackFideId "663727"]
[WhiteElo "2110"]
[BlackElo "2376"]
[Result "0-1"]
[Round "3"]
[TimeControl "180+2"]
[Date "2023.07.11"]
[WhiteClock "0:01:08"]
[BlackClock "0:01:00"]
[Board "211"]

1. Nf3 d5 2. g3 Nf6 3. Bg2 c5 4. O-O Nc6 5. c4 d4 6. d3 e5 7. b4 cxb4 8. a3 a5 9. Qa4 Bd7 10. axb4 Bxb4 11. Ba3 O-O 12. Nbd2 Qc7 13. Rfb1 Ra6 14. Bxb4 Nxb4 15. Qb3 b6 16. Ne1 Bc6 17. Nc2 Nxc2 18. Qxc2 Bxg2 19. Kxg2 Qc6+ 20. Kg1 a4 21. Rb5 Nd7 22. Rxa4 Rfa8 23. Rxa6 Rxa6 24. Qb2 Qa8 25. f3 h5 26. Ne4 Ra2 27. Qb4 Rxe2 0-1


[Site "https://www.chess.com"]

[Event "Titled Tuesday Blitz July 11 Early 2023"]
[White "Harriott, Tyrell"]
[Black "Roque Sola, Jose Luis"]
[WhiteFideId "2086484"]
[BlackFideId "5120390"]
[WhiteElo "2374"]
[BlackElo "2124"]
[Result "1-0"]
[Round "3"]
[TimeControl "180+2"]
[Date "2023.07.11"]
[WhiteClock "0:02:00"]
[BlackClock "0:00:00"]
[Board "212"]

1. d4 Nf6 2. e3 g6 3. Bd3 Bg7 4. f4 c5 5. Nf3 O-O 6. O-O d5 7. c3 Nc6 8. Nbd2 b6 9. Qe1 Bf5 10. Bxf5 gxf5 11. Ne5 Qc7 12. b3 e6 13. Ba3 Nxe5 14. fxe5 Ne4 15. Nxe4 dxe4 16. Qh4 Rfd8 17. g4 cxd4 18. cxd4 Qc3 19. Rae1 b5 20. Be7 Re8 21. gxf5 exf5 22. Re2 Qc7 23. Bf6 1-0


[Site "https://www.chess.com"]

[Event "Titled Tuesday Blitz July 11 Early 2023"]
[White "Makhmudov, Shukhrat"]
[Black "campochess"]
[WhiteFideId "14200775"]
[WhiteElo "2373"]
[BlackElo "2108"]
[Result "0-1"]
[Round "3"]
[TimeControl "180+2"]
[Date "2023.07.11"]
[WhiteClock "0:02:30"]
[BlackClock "0:02:35"]
[Board "213"]

1. e4 c5 2. Nf3 Nc6 3. d4 cxd4 4. Nxd4 e5 5. Nxc6 bxc6 6. c4 Bc5 7. Be2 Qh4 8. O-O Nf6 9. Nc3 d6 10. Na4 Bd4 11. Bd3 Ng4 12. h3 Nxf2 13. Qf3 Nxh3+ 14. Kh2 Nf4+ 0-1


[Site "https://www.chess.com"]

[Event "Titled Tuesday Blitz July 11 Early 2023"]
[White "Ncatt"]
[Black "Johnson, Ben"]
[BlackFideId "2010917"]
[WhiteElo "2372"]
[BlackElo "2101"]
[Result "1-0"]
[Round "3"]
[TimeControl "180+2"]
[Date "2023.07.11"]
[WhiteClock "0:00:39"]
[BlackClock "0:00:05"]
[Board "214"]

1. e4 c5 2. Nf3 g6 3. d4 cxd4 4. Nxd4 Bg7 5. c4 Nc6 6. Be3 Nf6 7. Nc3 O-O 8. Be2 b6 9. Rc1 Bb7 10. f3 Nh5 11. O-O Nf4 12. Nxc6 Nxe2+ 13. Qxe2 Bxc6 14. Nd5 e6 15. Nb4 Qe7 16. Nxc6 dxc6 17. Rfd1 Rfd8 18. b3 c5 19. Qf2 h5 20. a4 Qf6 21. h4 Qb2 22. Qxb2 Bxb2 23. Rb1 Bc3 24. Kf2 f5 25. Ke2 Kf7 26. Rd3 Rxd3 27. Kxd3 Bf6 28. g3 Rd8+ 29. Ke2 fxe4 30. fxe4 Be5 31. Bf2 Ke7 32. Rf1 a6 33. a5 bxa5 34. Bxc5+ Kd7 35. Rf7+ Kc6 36. Bf2 Rb8 37. Re7 Kd6 38. Ra7 Rxb3 39. Rxa6+ Ke7 40. Ra7+ Kf6 41. Be3 Rb2+ 42. Kf3 Rb3 43. c5 Bd4 44. Kg2 Bxe3 45. Rxa5 Rc3 46. e5+ Kxe5 47. c6+ Kd6 48. Ra8 Rxc6 49. Rg8 Rc2+ 50. Kf3 Bd4 51. Rxg6 Rc3+ 52. Ke4 Bb6 53. Rg5 Rc5 54. Rg6 Re5+ 55. Kf3 Rf5+ 56. Ke4 Re5+ 57. Kf4 Rd5 58. Rg8 Ba5 59. Ra8 Bd2+ 60. Kf3 Ke5 61. Rh8 Kf6 62. Rf8+ Kg6 63. Ra8 Rf5+ 64. Ke4 Bh6 65. Re8 Kf6 66. Rh8 Bg7 67. Re8 Re5+ 68. Kf3 Rf5+ 69. Ke4 Kf7 70. Rb8 Re5+ 71. Kf3 Rf5+ 72. Ke4 e5 73. Kxf5 Bh6 74. Rb7+ 1-0


[Site "https://www.chess.com"]

[Event "Titled Tuesday Blitz July 11 Early 2023"]
[White "Floresvillar Gonzalez, Luis Migu"]
[Black "Seletsky, Grigory"]
[WhiteFideId "5100542"]
[BlackFideId "14112191"]
[WhiteElo "2097"]
[BlackElo "2370"]
[Result "0-1"]
[Round "3"]
[TimeControl "180+2"]
[Date "2023.07.11"]
[WhiteClock "0:00:00"]
[BlackClock "0:01:37"]
[Board "215"]

1. e4 c5 2. d4 cxd4 3. c3 d3 4. Bxd3 Nc6 5. Nf3 g6 6. O-O Bg7 7. Bg5 d6 8. Nbd2 Nf6 9. h3 O-O 10. Nc4 Nd7 11. Qd2 Nc5 12. Bc2 Be6 13. Ne3 Nd7 14. Bb3 Bxb3 15. axb3 Nde5 16. Nxe5 dxe5 17. Nd5 f6 18. Bh4 e6 19. Nxf6+ Bxf6 20. Qxd8 Raxd8 21. Bxf6 Rxf6 22. b4 a6 23. b5 axb5 24. f3 Rf7 25. Rf2 Rfd7 26. Ra2 Rd2 27. b4 Rxa2 28. Rxa2 Rd1+ 29. Kf2 Rc1 30. Ra3 Kf7 31. h4 h5 32. g4 Rc2+ 33. Kg3 Ne7 34. Ra7 Rxc3 35. Rxb7 hxg4 36. Kxg4 Kf6 37. Rxb5 Ng8 38. Rb8 Nh6+ 39. Kg3 Nf7 40. b5 Rb3 41. b6 Nd6 42. Kg4 Rb1 43. Rf8+ Ke7 44. Rb8 Nf7 45. b7 Kf6 0-1


[Site "https://www.chess.com"]

[Event "Titled Tuesday Blitz July 11 Early 2023"]
[White "Tqebuchava, Zurab"]
[Black "Mejia, Cherry Ann"]
[WhiteFideId "13601113"]
[BlackFideId "5206880"]
[WhiteElo "2043"]
[BlackElo "2369"]
[Result "1-0"]
[Round "3"]
[TimeControl "180+2"]
[Date "2023.07.11"]
[WhiteClock "0:00:06"]
[BlackClock "0:00:00"]
[Board "216"]

1. e4 c5 2. Nf3 Nc6 3. Bb5 Qb6 4. Bxc6 Qxc6 5. Nc3 Nf6 6. d3 d5 7. exd5 Nxd5 8. Nxd5 Qxd5 9. h3 e6 10. O-O Be7 11. Re1 Bf6 12. c3 O-O 13. Be3 b6 14. d4 c4 15. Qe2 Bb7 16. Qf1 b5 17. Bf4 Qf5 18. Bg3 Bxf3 19. gxf3 Qxf3 20. Qg2 Qxg2+ 21. Kxg2 a5 22. Rad1 Rfd8 23. Re2 Rd5 24. Kf3 h6 25. Rde1 b4 26. Rb1 Rb5 27. Rc1 Rc8 28. Rec2 b3 29. axb3 cxb3 30. Rd2 a4 31. Ra1 Ra5 32. Bd6 Rca8 33. Ba3 Rf5+ 34. Kg2 Rg5+ 35. Kf3 Raa5 36. Ke2 Rg2 37. Rf1 Rf5 38. Rd3 Rf4 39. Rf3 Rh4 40. Rd3 Rh2 41. d5 exd5 42. Rxd5 R2xh3 43. Rd7 Re4+ 44. Kd1 Rd3+ 45. Rxd3 g5 46. Rd6 Kg7 47. Rd7 Kg6 48. Rd2 Be5 49. Re2 f5 50. Rxe4 fxe4 51. Ke2 h5 52. c4 h4 53. c5 Kf5 54. c6 Bc7 55. Rd1 h3 56. Kf1 g4 57. Rd7 e3 58. Rxc7 Ke4 59. Rh7 1-0


[Site "https://www.chess.com"]

[Event "Titled Tuesday Blitz July 11 Early 2023"]
[White "Fernandez, Michael"]
[Black "cycygogne"]
[WhiteFideId "5803560"]
[WhiteElo "2361"]
[BlackElo "2097"]
[Result "0-1"]
[Round "3"]
[TimeControl "180+2"]
[Date "2023.07.11"]
[WhiteClock "0:00:00"]
[BlackClock "0:00:04"]
[Board "217"]

1. e4 e5 2. Nf3 Nc6 3. d4 exd4 4. Nxd4 Bc5 5. Be3 Qf6 6. c3 Nge7 7. Bc4 Ne5 8. Be2 O-O 9. O-O d6 10. f4 N5c6 11. Qd2 Bb6 12. Na3 Qg6 13. f5 Qf6 14. Nc4 Nxd4 15. cxd4 Nc6 16. e5 dxe5 17. Bg5 Nxd4 18. Kh1 Qc6 19. f6 g6 20. Nxe5 Qe4 21. Rae1 Qxe5 22. Bc4 Qc5 23. Bh4 Qh5 24. Bg3 Be6 25. Bxe6 Nxe6 26. Qd3 Rad8 27. Qe4 Rd4 28. Qxb7 Rfd8 29. Qc6 Ng5 0-1


[Site "https://www.chess.com"]

[Event "Titled Tuesday Blitz July 11 Early 2023"]
[White "K2JW"]
[Black "Goughfather"]
[WhiteElo "2360"]
[BlackElo "2029"]
[Result "1-0"]
[Round "3"]
[TimeControl "180+2"]
[Date "2023.07.11"]
[WhiteClock "0:00:38"]
[BlackClock "0:00:00"]
[Board "218"]

1. Nf3 Nf6 2. c4 c6 3. g3 d5 4. Bg2 e6 5. O-O Be7 6. d4 O-O 7. Nc3 Ne4 8. Nxe4 dxe4 9. Ne1 f5 10. Be3 Bf6 11. f3 exf3 12. Nxf3 Nd7 13. Bf4 c5 14. e3 Qe7 15. Qd2 g5 16. Be5 g4 17. Bxf6 Qxf6 18. Ne1 Rb8 19. d5 Ne5 20. Rc1 Rd8 21. e4 b6 22. exf5 exf5 23. Nd3 Nf7 24. b3 Qd4+ 25. Kh1 Ne5 26. Qg5+ Kf7 27. Nxe5+ Qxe5 28. Qxd8 Bb7 29. Qg5 Rg8 30. Rxf5+ 1-0


[Site "https://www.chess.com"]

[Event "Titled Tuesday Blitz July 11 Early 2023"]
[White "Buscar, Michael"]
[Black "Blackwhite017"]
[WhiteFideId "2603616"]
[WhiteElo "2359"]
[BlackElo "2018"]
[Result "1-0"]
[Round "3"]
[TimeControl "180+2"]
[Date "2023.07.11"]
[WhiteClock "0:00:33"]
[BlackClock "0:00:00"]
[Board "219"]

1. Nf3 c5 2. b4 cxb4 3. a3 b3 4. cxb3 Nf6 5. Bb2 g6 6. Bxf6 exf6 7. d4 Bg7 8. e3 O-O 9. Be2 d5 10. O-O Nc6 11. Nc3 Be6 12. Rc1 f5 13. Bb5 a6 14. Bxc6 bxc6 15. Na4 Qd6 16. Nc5 f4 17. Qd3 Bf5 18. Qe2 a5 19. Nh4 Be4 20. f3 Qe7 21. fxe4 Qxh4 22. Rxf4 Qe7 23. e5 f6 24. e6 f5 25. Rcf1 Rfe8 26. g4 Bh6 27. R4f2 Qg5 28. e4 dxe4 29. Rg2 Qe3+ 30. Qf2 Qxf2+ 31. Kxf2 Rad8 32. gxf5 Rxd4 33. f6 Rd2+ 34. Kg3 Rxg2+ 35. Kxg2 Rd8 36. e7 Rd2+ 37. Rf2 Rxf2+ 38. Kxf2 Kf7 39. Nxe4 Bc1 40. Nd6+ Kxf6 41. e8=Q 1-0


[Site "https://www.chess.com"]

[Event "Titled Tuesday Blitz July 11 Early 2023"]
[White "Dubreuil, Julien"]
[Black "Ismayilova, Khanim"]
[WhiteFideId "621285"]
[BlackFideId "13429019"]
[WhiteElo "2344"]
[BlackElo "2010"]
[Result "1-0"]
[Round "3"]
[TimeControl "180+2"]
[Date "2023.07.11"]
[WhiteClock "0:01:55"]
[BlackClock "0:00:08"]
[Board "220"]

1. e4 c5 2. Nf3 Nc6 3. d4 cxd4 4. Nxd4 Nf6 5. Nc3 e5 6. Ndb5 d6 7. Bg5 a6 8. Na3 b5 9. Bxf6 gxf6 10. Nd5 f5 11. Bd3 Be6 12. O-O f4 13. c4 b4 14. Nc2 a5 15. g3 Bh3 16. Qh5 Bxf1 17. Bxf1 fxg3 18. fxg3 Bg7 19. Bh3 O-O 20. Rf1 Ra7 21. Nce3 Nd4 22. Bf5 h6 23. h4 b3 24. axb3 Rb7 25. Ng4 Nxf5 26. Rxf5 Rxb3 27. Ndf6+ Kh8 28. Nxh6 Qb6+ 29. Kh1 Bxf6 30. Ng4+ Kg8 31. Nxf6+ Kg7 32. Qh7# 1-0


[Site "https://www.chess.com"]